cohdb
Replays
Latest Replays
All Replays
Popular Replays
Top Player Replays
Match Explorer
How It Works
Community
CoH3 Stats
Reddit
Sign in to upload your games and track your stats! →
Sign in with Steam
Match 43784099
Unlisted
Match 43784099
Overview
Messages
Build Orders
End
Construct Section Command Post
Vickers Machine Gun Team
Dingo Light Scout Car
Infantry Section
Infantry Section
Construct Platoon Command Post
Humber Armored Car
Royal Engineer Section
Selects Canadian Shock Battlegroup
Selects Attacking Spirit
Selects Canadian Shock Section
Canadian Shock Section
Selects Incendiary Munitions
Selects Pyrotechnics
Canadian Shock Section
6-pounder Anti-tank Gun Team
Construct Company Command Post
Matilda II Heavy Tank
Grenade Package
Canadian Shock Section
Infantry Training
CMP 15cwt Truck
Selects Smoke Operation
Smoke Operation
Unlock M3 Grant Medium Tanks
Smoke Operation
Armored Vehicle Training
M3 Grant Medium Tank
M3 Grant Medium Tank
Canadian Shock Section
Selects Demolition Engineering
Demolition Engineering
M3 Grant Medium Tank
M3 Grant Medium Tank
M3 Grant Medium Tank
M3 Grant Medium Tank
Stupor Mundi
PMA
!enjo7
anioki
(MKH) VENI VIDI VICI
mchughreggie
0
0
Comments
sign in to comment!
No comments posted yet!